 Dungeon Crawl Stone Soup version 0.18-a0-1577-gf591c28 (webtiles) character file.

7 ololoev the Firebug (level 1, 2/10 HPs)
             Began as a Deep Elf Fire Elementalist on Mar 22, 2016.
             Quit the game on level 2 of the Dungeon.
             The game lasted 00:01:23 (162 turns).

ololoev the Firebug (Deep Elf Fire Elementalist)     Turns: 162, Time: 00:01:23

Health: 2/10       AC:  2    Str:  5    XL:     1   Next: 83%
Magic:  2/6        EV: 13    Int: 19    God:
Gold:   0          SH:  0    Dex: 15    Spells: 1 memorised, 5 levels left

rFire  . . .     SeeInvis .     (no weapon)
rCold  . . .     Gourm    .     a - +0 robe
rNeg   . . .     Faith    .     (no shield)
rPois  .         Spirit   .     (no helmet)
rElec  .         Dismiss  .     (no cloak)
rCorr  .         Reflect  .     (no gloves)
SustAt .         Harm     .     (no boots)
MR     .....                    (no amulet)
Stlth  ++........               (no ring)
                                (no ring)

@: slowed, very slow, not resistant to hostile enchantments, unstealthy
A: no striking features
a: no special abilities

Inventory:

Armour
 a - a +0 robe (worn)
Scrolls
 e - a scroll of enchant weapon {unknown}
Potions
 d - a potion of curing {unknown}
Books
 b - a book of Flames

   Spells                             Type                      Level
   a - Flame Tongue                   Conjuration/Fire             1
   b - Throw Flame                    Conjuration/Fire             2
   c - Conjure Flame                  Conjuration/Fire             3
   d - Inner Flame                    Hexes/Fire                   3
   e - Sticky Flame                   Conjuration/Fire             4
   f - Fireball                       Conjuration/Fire             5
Comestibles
 c - a bread ration
 f - a slice of pizza


   Skills:
 - Level 2.4 Dodging
 - Level 2.4 Stealth
 + Level 3.0 Spellcasting
 * Level 1.7 Conjurations
 + Level 3.5 Fire Magic


You had 5 spell levels left.
You knew the following spells:

 Your Spells              Type           Power        Failure   Level  Hunger
a - Flame Tongue          Conj/Fire      ##...        8%          1    None


You were on level 2 of the Dungeon.
You were not hungry.

You visited 1 branch of the dungeon, and saw 2 of its levels. ## #. #. #. ##.#### #..@..## ######.###5..# #...... #$#5# #......###h# S.r

#)#####...##.....
########......#.....#
.##
................ยง.###
# .#.##########.#...#
....## #.##..#

Notes
Turn   | Place    | Note
--------------------------------------------------------------
     0 | D:1      | ololoev the Deep Elf Fire Elementalist began the quest for the Orb.
     0 | D:1      | Reached XP level 1. HP: 10/10 MP: 6/6
   150 | D:2      | Noticed Natasha
   155 | D:2      | Noticed a crimson imp
   159 | D:2      | Noticed a crimson imp
   162 | D:2      | Quit the game

Dungeon Overview and Level Annotations

Branches:
Dungeon (2/15)

Altars:

Annotations:
D:2 Natasha


Message History

You hit the bat but do no damage.
The bat is severely wounded.
The bat hits you but does no damage.
You barely miss the bat.
The bat is severely wounded.
The bat hits you but does no damage. The bat barely misses you.
There is a stone staircase leading up here.
The bat hits you but does no damage.
You barely miss the bat.
The bat is severely wounded.
The bat hits you but does no damage.
You barely miss the bat.
The bat is severely wounded.
The bat hits you but does no damage. The bat hits you but does no damage.
The bat misses you.
You hit the bat.
You kill the bat!
Things that are here:
a club; a hobgoblin corpse
Found 24 bolts and a slice of pizza.
f - a slice of pizza
Found a hand axe.
Found 9 gold pieces.
A rat and Natasha come into view.
Natasha hisses angrily.
Natasha casts a spell at you.
You feel yourself slow down.
Casting: Flame Tongue
Confirm with . or Enter, or press ? or * to list all spells.
Aiming: Flame Tongue
Press: ? - help, Shift-Dir - straight line, f - Natasha
Aim: Natasha The flame tongue hits Natasha.
Natasha is moderately wounded.
Natasha casts a spell at you.
You feel as though you will be slow longer.
Casting: Flame Tongue
Confirm with . or Enter, or press ? or * to list all spells.
Aiming: Flame Tongue
Press: ? - help, Shift-Dir - straight line, f/p - Natasha
Aim: Natasha (moderately wounded)
The flame tongue misses Natasha.
Natasha stares at you and mumbles some strange words.
You feel as though you will be slow longer.
Natasha mumbles some strange words.
Casting: Flame Tongue
Confirm with . or Enter, or press ? or * to list all spells.
Aiming: Flame Tongue
Press: ? - help, Shift-Dir - straight line, f/p - Natasha
Aim: Natasha (moderately wounded)
The flame tongue hits the crimson imp.
The crimson imp completely resists.
The crimson imp hits you.
Natasha casts a spell.
Casting: Flame Tongue
Confirm with . or Enter, or press ? or * to list all spells.
Aiming: Flame Tongue
Press: ? - help, Shift-Dir - straight line, f/p - Natasha
Aim: Natasha (moderately wounded)
The flame tongue hits the crimson imp.
The crimson imp completely resists.
The crimson imp barely misses you.
The crimson imp blinks!
Casting: Flame Tongue
Confirm with . or Enter, or press ? or * to list all spells.
Aiming: Flame Tongue
Press: ? - help, Shift-Dir - straight line, f - shadow imp
Aim: a shadow imp (summoned)
The flame tongue hits the shadow imp.
The shadow imp is heavily wounded.
The shadow imp barely misses you.
You completely miss the crimson imp.
The crimson imp blinks!
The shadow imp barely misses you.
Natasha mumbles some strange words.
The crimson imp blinks!
The shadow imp hits you.
You see here 9 gold pieces.
A ball python comes into view.
The crimson imp blinks!
The shadow imp gestures at you. Pain shoots through your body!
The crimson imp blinks!
Are you sure you want to abandon this character and quit the game? (Confirm with "yes".)

You could see Natasha, a crimson imp, a shadow imp and a ball python (sleeping).

Vanquished Creatures
  A giant gecko (D:1)
  A bat (D:2)
  A hobgoblin (D:2)
  3 rats (D:1)
6 creatures vanquished.

Action                   || total
-------------------------++-------
Melee: Unarmed           ||    19
 Cast: Flame Tongue      ||    17

Vault maps used:
D:1:      sevenhm_arrival_forest_fort_small_6
D:2:      uniq_natasha, uniq_iyjb, uniq_terence
